 Dungeon Crawl Stone Soup version 0.20-a0-299-gec7c366 (webtiles) character file.

91320 Junicave the Thaumaturge (level 16, -4/96 HPs)
             Began as a Gargoyle Earth Elementalist on Dec 14, 2016.
             Was a High Priest of Vehumet.
             Shot with an arrow by a deep elf archer (15 damage)
             ... on level 1 of the Elven Halls on Dec 15, 2016.
             The game lasted 04:43:26 (43500 turns).

Junicave the Thaumaturge (GrEE)                    Turns: 43500, Time: 04:43:26

Health: -4/96      AC: 23    Str: 16    XL:     16   Next: 3%
Magic:  8/32       EV: 14    Int: 28    God:    Vehumet [*****.]
Gold:   1486       SH: 13    Dex: 12    Spells: 4/39 levels left

rFire  . . .     SeeInvis .     k - +9 hand axe "Fabistuf" {drain, +Rage Str+3}
rCold  . . .     Gourm    +     O - +1 robe {MR+}
rNeg   + . .     Faith    .     n - +3 shield
rPois  ∞         Spirit   .     I - +0 helmet
rElec  +         Reflect  .     Q - +0 cloak
rCorr  .         Harm     .     v - +1 pair of gloves
MR     +++..                    H - +0 pair of boots
Stlth  ++........               r - amulet of the gourmand
                                h - +4 ring of intelligence
                                g - ring "Uzathur" {+Inv rElec MR+}

@: flying
A: big wings, thin metallic scales 1, agile 1, clever 1, negative energy
resistance 1, electricity resistance, wild magic 1, unbreathing, petrification
resistance, rot immunity, AC +11
a: Stop Flying, Renounce Religion, Evoke Berserk Rage, Evoke Invisibility


You were on level 1 of the Elven Halls.
You worshipped Vehumet.
Vehumet was extremely pleased with you.
You were completely stuffed.

You visited 5 branches of the dungeon, and saw 20 of its levels.
You also visited: Labyrinth and Bailey.

You collected 2494 gold pieces.
You spent 1008 gold pieces at shops.

Inventory:

Hand Weapons
 k - the +9 hand axe "Fabistuf" (weapon) {drain, +Rage Str+3}
   (You found it on level 7 of the Dungeon)

   A truly terrible weapon, it drains the life of those it strikes.
   It affects your strength (+3).
   It lets you go berserk.
 z - a +0 long sword of slicing
 Y - the +5 flail "Inadgh" {crush, *Slow rPois rN+ Dex+4}
   (You found it in a labyrinth)

   It inflicts extra damage upon your enemies.
   It affects your dexterity (+4).
   It protects you from poison.
   It protects you from negative energy.
   It may slow you when you take damage.
Missiles
 f - 110 stones (quivered)
Armour
 n - a +3 shield (worn)
 v - a +1 pair of gloves (worn)
 y - a +1 leather armour of magic resistance
 H - a +0 pair of boots (worn)
 I - a +0 helmet (worn)
 O - a +1 robe of magic resistance (worn)
 Q - a +0 cloak (worn)
Rods
 a - a +4 rod of clouds (12/12)
   (You took it off a minotaur in a labyrinth)
Jewellery
 g - the ring "Uzathur" (left hand) {+Inv rElec MR+}
   (You took it off a hobgoblin in a bailey)

   [ring of protection from magic]

   It insulates you from electricity.
   It affects your resistance to hostile enchantments.
   It lets you turn invisible.
 h - a +4 ring of intelligence (right hand)
 r - an amulet of the gourmand (around neck)
 x - an uncursed ring of see invisible
Wands
 u - a wand of polymorph (10/24)
 A - a wand of lightning (3/15)
 F - a wand of random effects (28/48)
 J - a wand of iceblast (5/15)
 R - a wand of paralysis (4/24)
 S - a wand of acid (0/15)
Scrolls
 q - 6 scrolls of remove curse
 D - 2 scrolls of immolation
 K - a scroll of torment
 X - 3 scrolls of teleportation
Potions
 b - a potion of resistance {unknown}
 c - 2 potions of magic
 e - 4 potions of curing
 l - 3 potions of cancellation
 B - a potion of haste
 C - 2 potions of invisibility
 E - a potion of might
 G - a potion of agility
 M - a potion of lignification
 P - 2 potions of ambrosia
 U - a potion of heal wounds
 Z - 3 potions of brilliance
Books
 t - a book of Power

   Spells                             Type                      Level
   a - Fulminant Prism                Conjuration/Hexes            4
   b - Iskenderun's Mystic Blast      Conjuration                  4
   c - Venom Bolt                     Conjuration/Poison           5
   d - Bolt of Magma                  Conjuration/Fire/Earth       5
   e - Iron Shot                      Conjuration/Earth            6
   f - Orb of Destruction             Conjuration                  7
   g - Spellforged Servitor           Conjuration/Summoning        7
 w - a book of Air

   Spells                             Type                      Level
   a - Shock                          Conjuration/Air              1
   b - Swiftness                      Charms/Air                   2
   c - Repel Missiles                 Charms/Air                   2
   d - Static Discharge               Conjuration/Air              3
   e - Lightning Bolt                 Conjuration/Air              5
 N - the Handbook of the Volcanoes and the Compass
   (You found it on level 6 of the Lair of Beasts)

   Spells                             Type                      Level
   a - Blink                          Translocation                2
   b - Inner Flame                    Hexes/Fire                   3
   c - Bolt of Fire                   Conjuration/Fire             6
Miscellaneous
 j - a disc of storms
 p - a crystal ball of energy
Comestibles
 d - 16 bread rations
 i - 6 beef jerkies
 m - 8 meat rations
 o - 3 slices of pizza
 s - 18 fruits
 L - 2 chunks of flesh


   Skills:
 + Level 9.7 Fighting
 + Level 8.7 Maces & Flails
 - Level 6.0 Armour
 + Level 7.4 Dodging
 - Level 2.1 Stealth
 - Level 6.2 Shields
 * Level 12.2 Spellcasting
 + Level 10.4 Conjurations
 - Level 0.7 Transmutations
 + Level 7.3 Fire Magic
 + Level 11.2 Earth Magic
 + Level 6.9 Poison Magic
 + Level 8.2 Evocations


You had 4 spell levels left.
You knew the following spells:

 Your Spells              Type           Power        Failure   Level  Hunger
a - Shock                 Conj/Air       ####         1%          1    None
b - Stone Arrow           Conj/Erth      ######       1%          3    None
c - Lee's Rapid Deconstr  Erth           #######...   1%          5    ##.....
d - Sting                 Conj/Pois      ####         1%          1    None
e - Ignite Poison         Fire/Tmut/Pois ######..     2%          3    None
f - Static Discharge      Conj/Air       ######..     2%          3    None
g - Passwall              Tmut/Erth      ######....   2%          2    None
h - Olgreb's Toxic Radia  Pois           ######..     2%          4    None
i - Throw Icicle          Conj/Ice       ######..     5%          4    None
j - Iskenderun's Mystic   Conj           #######.     1%          4    None
k - Lightning Bolt        Conj/Air       ######....   13%         5    ##.....


Dungeon Overview and Level Annotations

Branches:
Dungeon (10/15)            Temple (1/1) D:7            Lair (6/6) D:9
  Swamp (0/4) Lair:4       Spider (0/4) Lair:4        Slime (0/5) Lair:6
    Orc (2/2) D:10            Elf (1/3) Orc:2

Altars:
Ashenzari
Cheibriados
Dithmenos
Elyvilon
Fedhas
Gozag
Hepliaklqana
Kikubaaqudgha
Makhleb
Nemelex Xobeh
Okawaru
Qazlal
Ru
Sif Muna
Trog
Uskayaw
Vehumet
Xom
Yredelemnul
Zin
The Shining One

Shops:
D:7 =   Orc:1 %   Orc:2 ?:(!

Portals:
Trove: Elf:1 (give 18 scrolls of teleportation)


Innate Abilities, Weirdness & Mutations

You are resistant to torment.
Your stone body is resilient. (AC +11)
You are immune to poison.
Your large and strong wings let you fly indefinitely.
You resist negative energy. (rN+)
You are resistant to electric shocks. (rElec)
You can survive without breathing.
You are immune to petrification.
You are immune to rotting.
You are partially covered in thin metallic scales. (AC +2)
You are agile. (Dex +2)
Your mind is acute. (Int +2)
Your spells are a little harder to cast, but a little more powerful.


Message History

An earth elemental comes into view.
You see here 4 arrows.
The deep elf archer shoots an arrow.
The arrow misses you.
There is a large open door here.
Found a scroll of remove curse.
The deep elf archer shoots an arrow.
The arrow hits you but does no damage.
The deep elf archer shoots an arrow.
The arrow hits you!
The deep elf archer shoots an arrow.
The arrow hits you!!
* * * LOW HITPOINT WARNING * * *
There is an open door here.
You see here an arrow.
A deep elf knight comes into view.
It is wielding a short sword of electrocution.
The deep elf knight moves out of view.
The deep elf archer shoots an arrow.
The arrow hits you!
* * * LOW HITPOINT WARNING * * *
The deep elf knight unwields an uncursed short sword of electrocution.
It stops crackling.
The deep elf knight wields a shortbow.
The deep elf knight shoots an arrow.
The arrow misses you.
The deep elf archer shoots an arrow.
The arrow hits you!
You die...

#.........###E.##..##
#..........##..#...##
#..........##)..#..##
#..........##E.#...## #.
#...........'..##..'.
#..######(###.e'(.##..'(
#.............##((.#..##
#....?........##(.#...##
#..####@################
#..........#
#...........
#.e#+#####.. #.. . #..
#. #.


You could see a deep elf archer and a deep elf knight.

Vanquished Creatures
  Frances (Elf:1)
  Kirke (Elf:1)
  An orc warlord (Orc:2)
  A dire elephant (Lair:4)
  A minotaur (Lab)
  Josephine (Lair:4)
  A merfolk avatar (Lair:6)
  17 two-headed ogres
  5 hydras
  2 catoblepae (Lair:6)
  A centaur warrior (D:9)
  The ghost of yrara the Cruncher, a journeyman GrGl of Gozag (D:10)
  4 ogre magi (Orc:2)
  2 dancing weapons (Elf:1)
  2 deep elf knights
  2 sea snakes (Lair:6)
  3 deep elf archers (Elf:1)
  A harpy (Lair:6)
  11 deep elf magi (Elf:1)
  5 oklob plants
  6 elephants (Lair:6)
  3 cyclopes
  2 orc sorcerers
  Psyche (D:9)
  4 black mambas
  A centaur zombie (D:10)
  A torpor snail (D:9)
  9 spiny frogs
  10 rime drakes
  13 komodo dragons
  A freezing wraith (D:9)
  2 jumping spiders (Lair:4)
  6 polar bears (Lair:6)
  A minotaur skeleton (Lab)
  7 trolls
  2 hornets (Lair:6)
  15 dream sheep
  28 blink frogs
  9 hippogriffs
  The ghost of drd the Conjurer, an amateur DECj of Vehumet (D:4)
  2 air elementals (Elf:1)
  2 redbacks (Lair:4)
  A vampire (D:10)
  3 hogs
  22 yaks
  3 basilisks
  5 wraiths
  Grum (D:9)
  2 wyverns
  2 hungry ghosts
  6 wargs
  18 water moccasins
  Duvessa (D:7)
  20 orc warriors
  16 porcupines
  A swamp drake (Lair:4)
  3 ice beasts
  2 eyes of draining (D:10)
  3 black bears (D:8)
  A necrophage (D:8)
  A phantom (D:9)
  4 sky beasts
  37 ogres
  6 centaurs
  20 wolves
  18 crocodiles
  4 big kobolds
  15 bullfrogs
  2 gnoll sergeants (D:9)
  Dowan (D:7)
  2 scorpions (D:5)
  12 wights
  A howler monkey (D:5)
  An electric eel (Lair:6)
  8 crimson imps
  2 bullfrog zombies (D:8)
  A quasit (D:7)
  5 jellies
  7 hounds
  A centaur skeleton (D:9)
  14 orc priests
  25 orc wizards
  7 iguanas
  7 worker ants
  A hound skeleton (D:10)
  2 worker ant zombies
  16 adders
  13 gnolls
  2 shadow imps
  3 oozes
  An adder zombie (D:6)
  2 adder skeletons
  A worm (D:2)
  4 dart slugs
  7 leopard geckos
  83 orcs
  8 giant cockroaches
  19 goblins
  13 hobgoblins
  6 jackals
  33 kobolds
  2 quokkas (D:9)
  A ball python (D:3)
  10 bats
  8 frilled lizards
  A leopard gecko zombie (D:7)
  10 rats
  2 fungi
  38 plants
786 creatures vanquished.

Vanquished Creatures (others)
  10 fungi
  43 plants
53 creatures vanquished.

Grand Total: 839 creatures vanquished

Notes
Turn   | Place    | Note
-------+----------+-------------------------------------------
     0 | D:1      | Junicave the Gargoyle Earth Elementalist began the quest for the Orb.
     0 | D:1      | Reached XP level 1. HP: 10/10 MP: 3/3
   135 | D:1      | Reached XP level 2. HP: 15/15 MP: 1/5
   410 | D:1      | Found a sparkling altar of Nemelex Xobeh.
   620 | D:1      | Reached XP level 3. HP: 18/19 MP: 0/7
   625 | D:1      | Learned a level 3 spell: Stone Arrow
   626 | D:1      | Reached skill level 3 in Spellcasting
  1328 | D:2      | Reached skill level 1 in Conjurations
  1493 | D:2      | Reached XP level 4. HP: 24/24 MP: 4/8
  2603 | D:3      | Reached XP level 5. HP: 28/28 MP: 4/10
  2743 | D:3      | Reached skill level 4 in Spellcasting
  3076 | D:3      | Found a sacrificial altar of Ru.
  3302 | D:3      | Found a sacrificial altar of Ru.
  3734 | D:3      | Found a sacrificial altar of Ru.
  4017 | D:3      | Found a sacrificial altar of Ru.
  4377 | D:3      | Found a sacrificial altar of Ru.
  4438 | D:4      | Reached XP level 6. HP: 32/32 MP: 6/12
  4503 | D:4      | Noticed drd's ghost (amateur DECj)
  5073 | D:4      | Killed drd's ghost
  5073 | D:4      | Reached skill level 5 in Spellcasting
  5073 | D:4      | Reached skill level 5 in Earth Magic
  5073 | D:4      | Reached XP level 7. HP: 30/36 MP: 3/14
  6402 | D:5      | Entered Level 5 of the Dungeon
  6979 | D:5      | Found a blossoming altar of Fedhas.
  6996 | D:5      | Reached skill level 1 in Armour
  6996 | D:5      | Reached skill level 1 in Shields
  7189 | D:5      | Reached skill level 1 in Fighting
  7195 | D:5      | Reached XP level 8. HP: 43/43 MP: 3/16
  7461 | D:5      | Found a blossoming altar of Fedhas.
  8017 | D:5      | Reached skill level 1 in Evocations
  8729 | D:5      | Reached skill level 1 in Maces & Flails
  9585 | D:6      | Reached skill level 6 in Spellcasting
 10263 | D:7      | Got a bloodstained hand axe
 10290 | D:7      | Found a flagged portal.
 10307 | Bailey   | Entered a bailey
 10796 | Bailey   | Reached XP level 9. HP: 49/49 MP: 0/18
 10803 | Bailey   | Learned a level 5 spell: Lee's Rapid Deconstruction
 11017 | Bailey   | Got a glittering granite ring
 11383 | Bailey   | Identified the ring "Uzathur" {+Inv rElec MR+} (You took it off a hobgoblin in a bailey)
 11450 | D:7      | Upgraded the game from 0.20-a0-286-gae82e34 to 0.20-a0-299-gec7c366
 11585 | D:7      | Found a staircase to the Ecumenical Temple.
 11598 | Temple   | Entered the Ecumenical Temple
 11604 | Temple   | Became a worshipper of Vehumet
 11653 | D:7      | Found Bibischuh's Jewellery Boutique.
 11837 | D:7      | Bought a +4 ring of intelligence for 378 gold pieces
 11945 | D:7      | Found a shadowy altar of Dithmenos.
 12041 | D:7      | Reached skill level 5 in Conjurations
 12140 | D:7      | Noticed Dowan
 12147 | D:7      | Noticed Duvessa
 12174 | D:7      | Killed Duvessa
 12179 | D:7      | Killed Dowan
 12980 | D:7      | Found a staircase to the Ecumenical Temple.
 13008 | D:7      | Found Bibischuh's Jewellery Boutique.
 13112 | D:7      | Found a shadowy altar of Dithmenos.
 13358 | D:8      | Noticed a two-headed ogre
 13364 | D:8      | Killed a two-headed ogre
 13364 | D:8      | Reached skill level 7 in Spellcasting
 13364 | D:8      | Reached XP level 10. HP: 56/56 MP: 1/20
 13620 | D:8      | Reached * piety under Vehumet
 13620 | D:8      | Offered knowledge of Freeze by Vehumet.
 13878 | D:8      | Gained mutation: You are clumsy. (Dex -2) [mutagenic meat]
 13879 | D:8      | Lost mutation: You are clumsy. (Dex -2) [mutagenic meat]
 13880 | D:8      | Gained mutation: Your mind is acute. (Int +2) [mutagenic meat]
 13881 | D:8      | Gained mutation: You are partially covered in thin metallic scales. (AC +2) [mutagenic meat]
 13882 | D:8      | Gained mutation: Your spells are a little harder to cast, but a little more powerful. [mutagenic meat]
 14571 | D:8      | Identified the +9 hand axe "Fabistuf" {drain, +Rage Str+3} (You found it on level 7 of the Dungeon)
 14892 | D:8      | Found a bloodstained altar of Trog.
 14892 | D:8      | Found a glowing golden altar of the Shining One.
 15541 | D:8      | Found a bloodstained altar of Trog.
 15541 | D:8      | Found a glowing golden altar of the Shining One.
 15895 | D:9      | Noticed a two-headed ogre
 15902 | D:9      | Killed a two-headed ogre
 15902 | D:9      | Reached skill level 8 in Spellcasting
 16002 | D:9      | Noticed Grum
 16209 | D:9      | Killed Grum
 16373 | D:9      | Reached skill level 5 in Fighting
 16401 | D:9      | Reached skill level 5 in Armour
 16401 | D:9      | Reached XP level 11. HP: 63/63 MP: 13/23
 16697 | D:9      | Offered knowledge of Sting by Vehumet.
 16701 | D:9      | Reached ** piety under Vehumet
 16783 | D:9      | Learned a level 1 spell: Sting
 16923 | D:9      | Found a burning altar of Makhleb.
 16927 | D:9      | Found an opulent altar of Gozag.
 16927 | D:9      | Found an iron altar of Okawaru.
 17074 | D:9      | Found a staircase to the Lair.
 17129 | D:9      | Reached skill level 5 in Shields
 17532 | D:9      | Noticed a two-headed ogre
 17534 | D:9      | Noticed a cyclops
 17617 | D:9      | Killed a two-headed ogre
 18404 | D:9      | Noticed Psyche
 18414 | D:9      | Killed Psyche
 19069 | D:9      | Noticed a cyclops
 19223 | D:9      | Noticed an eight-headed hydra
 19226 | D:9      | Killed an eight-headed hydra
 19226 | D:9      | Offered knowledge of Ignite Poison by Vehumet.
 19293 | D:9      | Learned a level 3 spell: Ignite Poison
 19317 | D:9      | Killed a cyclops
 19336 | D:9      | Killed a cyclops
 19340 | D:9      | Noticed a centaur warrior
 19372 | D:9      | Killed a centaur warrior
 19372 | D:9      | Reached skill level 5 in Maces & Flails
 19372 | D:9      | Reached skill level 1 in Poison Magic
 19739 | D:9      | Reached *** piety under Vehumet
 19759 | D:9      | Reached skill level 9 in Spellcasting
 19945 | Lair:1   | Entered Level 1 of the Lair of Beasts
 19949 | Lair:1   | Reached skill level 1 in Fire Magic
 19973 | Lair:1   | Got a crystal falchion
 20346 | Lair:1   | Reached XP level 12. HP: 70/70 MP: 18/25
 21168 | Lair:1   | Reached skill level 5 in Dodging
 21191 | Lair:1   | Offered knowledge of Static Discharge by Vehumet.
 21264 | Lair:1   | Learned a level 3 spell: Static Discharge
 22352 | Lair:1   | Noticed an eight-headed hydra
 22356 | Lair:1   | Killed an eight-headed hydra
 22356 | Lair:1   | Reached skill level 5 in Evocations
 23643 | Lair:2   | Reached **** piety under Vehumet
 23657 | Lair:2   | Identified the +8 falchion of Weacen {flame, Str+3} (You found it on level 1 of the Lair of Beasts)
 24460 | Lair:2   | Learned a level 2 spell: Passwall
 24471 | Lair:3   | Offered knowledge of Bolt of Magma by Vehumet.
 24522 | Lair:3   | Found a snail-covered altar of Cheibriados.
 24531 | Lair:3   | Found a labyrinth entrance.
 24540 | Lab      | Entered a labyrinth
 24820 | Lab      | Got a faintly glowing long sword
 24868 | Lab      | Noticed a minotaur
 24874 | Lab      | Killed a minotaur
 24874 | Lab      | Reached XP level 13. HP: 76/76 MP: 8/26
 24890 | Lab      | Got a scorched golden amulet
 24891 | Lab      | Got a polished flail
 24892 | Lab      | Identified the +5 flail "Inadgh" {crush, *Slow rPois rN+ Dex+4} (You found it in a labyrinth)
 24971 | Lab      | Identified the amulet "Fudghyvao" {Harm *Drain rN+} (You found it in a labyrinth)
 24974 | Lab      | Identified the cursed +0 long sword of Haipopi {antimagic, rN+ Str-4 Int+4} (You found it in a labyrinth)
 25833 | Lair:3   | Reached skill level 10 in Spellcasting
 26466 | Lair:4   | Found a hole to the Spider Nest.
 27020 | Lair:4   | Reached ***** piety under Vehumet
 27024 | Lair:4   | Noticed Josephine
 27162 | Lair:4   | Killed Josephine
 27162 | Lair:4   | Offered knowledge of Olgreb's Toxic Radiance by Vehumet.
 27433 | Lair:4   | Learned a level 4 spell: Olgreb's Toxic Radiance
 27574 | Lair:2   | Identified a +4 rod of clouds (12/12) (You took it off a minotaur in a labyrinth)
 28128 | Lair:4   | Found a staircase to the Swamp.
 28986 | Lair:5   | Reached skill level 10 in Earth Magic
 29551 | Lair:6   | Entered Level 6 of the Lair of Beasts
 29580 | Lair:6   | Gained mutation: Your large and strong wings let you fly indefinitely. [Gargoyle growth]
 29580 | Lair:6   | Reached XP level 14. HP: 84/84 MP: 10/28
 29583 | Lair:6   | Gained mutation: You are agile. (Dex +2) [potion of beneficial mutation]
 29681 | Lair:6   | Reached skill level 5 in Fire Magic
 30353 | Lair:6   | Noticed a dire elephant
 31124 | Lair:6   | Reached skill level 5 in Poison Magic
 31325 | Lair:6   | Identified the Handbook of the Volcanoes and the Compass
 31417 | Lair:6   | Reached skill level 11 in Spellcasting
 31899 | Lair:6   | Found a staircase to the Slime Pits.
 32026 | Lair:6   | Offered knowledge of Throw Icicle by Vehumet.
 32190 | Lair:6   | Learned a level 4 spell: Throw Icicle
 32192 | Lair:6   | Learned a level 1 spell: Shock
 32368 | Lair:6   | Found a staircase to the Slime Pits.
 33135 | Lair:4   | Killed a dire elephant
 33298 | Lair:2   | Learned a level 5 spell: Lightning Bolt
 33466 | D:10     | Entered Level 10 of the Dungeon
 33508 | D:10     | Noticed yrara's ghost (journeyman GrGl)
 35239 | D:10     | Paralysed by yrara's ghost for 2 turns
 35446 | D:10     | Killed yrara's ghost
 35735 | D:10     | Found a staircase to the Orcish Mines.
 36618 | D:10     | Found a staircase to the Orcish Mines.
 37116 | Orc:1    | Entered Level 1 of the Orcish Mines
 37190 | D:9      | Offered knowledge of Iron Shot by Vehumet.
 37445 | Orc:1    | Reached XP level 15. HP: 90/90 MP: 18/30
 37453 | Orc:1    | Found Kiafoh's Food Boutique.
 37594 | Orc:2    | Entered Level 2 of the Orcish Mines
 37654 | Orc:2    | Found a staircase to the Elven Halls.
 38905 | Orc:2    | Found Zyema's Distillery.
 38905 | Orc:2    | Found Yfistujustri's Book Emporium.
 38910 | Orc:2    | Found Oboirph's Weapon Emporium.
 38910 | Orc:2    | Found Meitho's Magic Scroll Boutique.
 39237 | Orc:2    | Reached skill level 10 in Conjurations
 39300 | Orc:2    | Bought a book of Power for 630 gold pieces
 39305 | Orc:2    | Learned a level 4 spell: Iskenderun's Mystic Blast
 39767 | Orc:1    | Noticed an orc warlord
 40115 | Orc:2    | Killed an orc warlord
 40880 | Orc:2    | Found Yfistujustri's Book Emporium.
 40880 | Orc:2    | Found Zyema's Distillery.
 40881 | Orc:2    | Found Meitho's Magic Scroll Boutique.
 40881 | Orc:2    | Found Oboirph's Weapon Emporium.
 41387 | Elf:1    | Entered Level 1 of the Elven Halls
 41400 | Elf:1    | Offered knowledge of Irradiate by Vehumet.
 41418 | Elf:1    | Found a radiant altar of Vehumet.
 41779 | Elf:1    | Reached skill level 12 in Spellcasting
 42104 | Elf:1    | Noticed Kirke
 42238 | Elf:1    | Killed Kirke
 42530 | Elf:1    | Noticed Frances
 42539 | Elf:1    | Killed Frances
 43092 | Elf:1    | Found a portal to a secret trove of treasure.
 43446 | Elf:1    | Reached XP level 16. HP: 92/96 MP: 25/32
 43500 | Elf:1    | Shot with an arrow by a deep elf archer

Vault maps used:
D:1:      dpeg_arrival_court, amethyst_killhole, grunt_decor_cap,
          nemelex_diamond_rough_becter
D:3:      nicolae_ru_path_of_blood
D:4:      serial_curves, eino_curves_04, eino_curves_03, first_bread
D:5:      fedhas_altar_2
D:6:      st_stairs_8, roderic_lattice_a
D:7:      grunt_dithmenos_smoke_and_mirrors, enter_bailey_3, serial_shops, shop,
          uniq_duvessa
D:8:      minmay_flawed_box, gammafunk_temple_overflow_elements
D:9:      grunt_temple_overflow_open, david_lair_shrubbed, minmay_evil_grid,
          uniq_grum, uniq_psyche
D:10:     hiddenorc2_lemuel, lightli_corner_chamber
Temple:   minmay_freezing_vapour_temple
Lair:2:   beast_lair_carwin_3, infiniplex_staircase_pool,
          minmay_lair_oklob_chamber
Lair:3:   lab_entry_generic, lemuel_oklob_altar
Lair:4:   minmay_swamp_entry_reptiles, spider_nest_entry_a,
          minmay_lair_drake_nest, uniq_josephine
Lair:5:   serial_forest, infiniplex_forest_side_room,
          infiniplex_forest_clump_double, infiniplex_forest_end_2,
          infiniplex_forest_split, infiniplex_forest_clump_small,
          infiniplex_forest_lined_corner, infiniplex_forest_zigzag_1,
          infiniplex_forest_lined_room_, infiniplex_forest_corner_1
Lair:6:   gammafunk_lair_ancient_temple, minmay_slime_entry_oklob_open,
          grunt_megastairs_5, serial_bayou_shore_a, lemuel_fruit_fields
Orc:1:    serial_shops, shop_coins
Orc:2:    st_orc_ogre_mass, statue_in_the_mist_lemuel
Elf:1:    eino_elf_arrival_altar, enter_trove_0, hangedman_corner_corridor,
          uniq_frances, uniq_roxanne, uniq_louise, uniq_kirke
Lab:      labyrinth_spiral, nicolae_lab_t_cross, labyrinth_skeletal_remains,
          lab_fountain, nicolae_lab_quarters
Bailey:   bailey_axe_4, bailey

Skill      XL: |  1  2  3  4  5  6  7  8  9 10 11 12 13 14 15 |
---------------+----------------------------------------------+-----
Spellcasting   | 3 4 5 6 7 8 9 10 11 12 | 12.2
Earth Magic    | 4 5 6 7 8 9 10 11 | 11.2
Conjurations   | 1 2 3 4 5 6 7 8 9 10 | 10.4
Armour         | 1 2 4 5 6 |  6.0
Shields        | 1 2 3 4 5 6 |  6.2
Fighting       | 1 2 3 5 6 7 8 9 |  9.7
Dodging        | 2 3 4 5 6 7 |  7.4
Evocations     | 1 3 4 5 6 7 8 |  8.2
Maces & Flails | 2 3 4 5 6 7 8 |  8.7
Poison Magic   | 1 3 4 5 6 |  6.9
Fire Magic     | 1 3 4 6 7 |  7.3
Stealth        | |  2.1
Transmutations | |  0.7

Action                   |  1- 3 |  4- 6 |  7- 9 | 10-12 | 13-15 | 16-18 || total
-------------------------+-------+-------+-------+-------+-------+-------++-------
Melee: Club              |     7 |       |       |       |       |       ||     7
       Unarmed           |     5 |       |       |       |       |       ||     5
       Mace              |    34 |   161 |       |       |       |       ||   195
       Staff             |       |       |   119 |    35 |       |       ||   154
       Hand axe          |       |       |       |   434 |   366 |     5 ||   805
 Cast: Sandblast         |    53 |    82 |   142 |    77 |    32 |       ||   386
       Stone Arrow       |       |     3 |    98 |   241 |   430 |     5 ||   777
       Sting             |       |       |       |   171 |   190 |     8 ||   369
       Ignite Poison     |       |       |       |    24 |    89 |       ||   113
       Lee's Rapid Decon |       |       |       |    16 |    91 |       ||   107
       Olgreb's Toxic Ra |       |       |       |       |    26 |       ||    26
       Static Discharge  |       |       |       |       |     2 |       ||     2
       Passwall          |       |       |       |       |     2 |       ||     2
       Shock             |       |       |       |       |    66 |     2 ||    68
       Throw Icicle      |       |       |       |       |     5 |       ||     5
       Iskenderun's Myst |       |       |       |       |    35 |     2 ||    37
       Lightning Bolt    |       |       |       |       |     5 |       ||     5
 Abil: Evoke Invisibilit |       |       |       |     1 |     6 |       ||     7
       Turn Visible      |       |       |       |     1 |     3 |       ||     4
       Fly               |       |       |       |       |     1 |       ||     1
Evoke: Wand              |       |       |     4 |       |     7 |       ||    11
       Sack of spiders   |       |       |       |     1 |       |       ||     1
       Rod               |       |       |       |       |     5 |       ||     5
       Disc of storms    |       |       |       |       |     3 |       ||     3
  Use: Scroll            |       |     3 |    12 |     8 |    12 |       ||    35
       Potion            |       |     2 |     4 |     1 |     1 |       ||     8
 Stab: Sleeping          |     2 |     6 |       |       |       |       ||     8
       Paralysed         |       |       |     9 |       |     2 |       ||    11
       Distracted        |       |       |       |       |     1 |       ||     1
       Invisible         |       |       |       |       |     1 |       ||     1
  Eat: Chunk             |    10 |    16 |    28 |    44 |    80 |       ||   178
Armor: Robe              |    23 |    91 |   106 |       |   204 |     2 ||   426
       Leather armour    |       |       |     1 |   131 |    61 |       ||   193
Dodge: Dodged            |    50 |    87 |    98 |   138 |   284 |     8 ||   665
Block: Shield            |     9 |   128 |   150 |   239 |   455 |     6 ||   987
